 Dungeon Crawl Stone Soup version 0.25-a0-860-gf695395b5c (webtiles) character file.

Game seed: 3691709125964327117, levelgen mode: deterministic

32 Esekla the Sneak (level 3, 0/16 HPs)
             Began as a Spriggan Ice Elementalist on Apr 27, 2020.
             Killed from afar by an orc wizard (11 damage)
             ... with a puff of frost
             ... on level 5 of the Dungeon.
             The game lasted 00:08:33 (933 turns).

Esekla the Sneak (Spriggan Ice Elementalist)         Turns: 933, Time: 00:08:34

Health: 0/16       AC:  2    Str:  5    XL:     3   Next: 10%
Magic:  2/8        EV: 20    Int: 16    God:
Gold:   80         SH:  0    Dex: 20    Spells: 7/8 levels left

rFire    . . .     SeeInvis +   l - +0 dagger (curse)
rCold    . . .     Gourm    .   (shield restricted)
rNeg     . . .     Faith    .   a - +0 robe
rPois    .         Spirit   .   (helmet restricted)
rElec    .         Reflect  .   (no cloak)
rCorr    .         Harm     .   (gloves unavailable)
MR       .....                  (boots unavailable)
Stlth    +++.......             (no amulet)
HPRegen  0.05/turn              i - +4 ring of dexterity
MPRegen  0.11/turn              (no ring)

@: very slightly contaminated, very quick
A: very small, unfitting armour, see invisible, herbivore, speed 3, slow
metabolism 2
a: no special abilities


You were on level 5 of the Dungeon.
You were not hungry.

You visited 1 branch of the dungeon, and saw 5 of its levels.

You collected 80 gold pieces.

Inventory:

Hand Weapons
 j - a +0 short sword
 l - a cursed +0 dagger (weapon)
Armour
 a - a +0 robe (worn)
Jewellery
 i - a +4 ring of dexterity (left hand)
Scrolls
 d - 2 scrolls of amnesia {unknown}
 f - 2 scrolls of identify {unknown}
 h - 2 scrolls of blinking {unknown}
 n - a scroll of remove curse {unknown}
 o - a scroll of teleportation {unknown}
Potions
 b - a potion of flight {unknown}
 e - a potion of degeneration {unknown}
 g - a potion of cancellation {unknown}
 k - 2 potions of haste {unknown}
 m - a potion of magic {unknown}
 p - a potion of ambrosia {unknown}
Comestibles
 c - 4 rations


   Skills:
 * Level 3.9 Dodging
 + Level 4.1 Stealth
 * Level 3.4 Spellcasting
 - Level 3.2 Ice Magic


You had 7 spell levels left.
You knew the following spells:

 Your Spells              Type           Power        Failure   Level  Hunger
a - Freeze                Ice            ##..         4%          1    None

Your spell library contained the following spells:

 Spells                   Type           Power        Failure   Level  Hunger
 Frozen Ramparts          Ice            ##....       14%         3    ###....
 Ozocubu's Armour         Chrm/Ice       #.......     28%         3    ###....
 Hailstorm                Conj/Ice       #.......     67%         4    ####...
 Summon Ice Beast         Ice/Summ       #.......     67%         4    ####...


Dungeon Overview and Level Annotations

Branches:
Dungeon (5/15)
 Temple: D:4-7

Altars:
Cheibriados
Dithmenos
Gozag
Okawaru
Trog
Yredelemnul


Innate Abilities, Weirdness & Mutations

You are very small and have problems with some larger weapons.
You are too small for most types of armour.
You have supernaturally acute eyesight. (SInv)
You are a herbivore.
You cover ground extremely quickly.
You need to consume almost no food.


Message History

Press: ? - help, Shift-Dir - straight line, f - hound
Aim: a hound (severely wounded)
You freeze the hound.
You kill the hound!
Your Stealth skill increases to level 4!
Your Spellcasting skill increases to level 3!
You have reached level 2!
You have reached level 3!
Your experience leads to an increase in your attributes!
Your base attributes are Str 4, Int 16, Dex 16.
Increase (S)trength, (I)ntelligence, or (D)exterity?
You feel stronger. The orc hits you with a +0 whip.
An orc wizard comes into view. It is wielding a +0 dagger.
The orc wizard shouts!
You hear an angry hiss.
A frilled lizard comes into view.
The orc wizard casts a spell at you. The puff of frost hits you!
Ouch! That really hurt!
You die...

?......
.....l....#
.........# #h
........# #.
##$..o...
##.##........
#.....##.o.
##.....##..#
.#.....s# #@#
.........# #.#
.........# #.#
..#.....<# #.#
$.##.....#
#o##
........###..#
.######......#
########


You could see 2 orc wizards, an orc and a frilled lizard (wandering).

Vanquished Creatures
  A hound (D:5)
  A giant cockroach (D:5)
  A hobgoblin (D:1)
3 creatures vanquished.

Notes
Turn   | Place    | Note
-------+----------+-------------------------------------------
     0 | D:1      | Esekla the Spriggan Ice Elementalist began the quest for
                  | the Orb.
     0 | D:1      | Reached XP level 1. HP: 9/9 MP: 5/5
   182 | D:2      | Found an iron altar of Okawaru.
   270 | D:4      | Noticed an iguana
   293 | D:4      | Found a shadowy altar of Dithmenos.
   295 | D:4      | Noticed a scorpion
   347 | D:4      | Found a snail-covered altar of Cheibriados.
   460 | D:3      | Found a basalt altar of Yredelemnul.
   546 | D:3      | Found an opulent altar of Gozag.
   648 | D:4      | Found a bloodstained altar of Trog.
   697 | D:4      | Noticed a hound
   739 | D:5      | Entered Level 5 of the Dungeon
   765 | D:5      | Noticed a worker ant
   832 | D:5      | Noticed a crimson imp
   856 | D:4      | Found a bloodstained altar of Trog.
   893 | D:4      | Noticed a scorpion
   902 | D:5      | Noticed an orc wizard
   913 | D:5      | Noticed a hound
   928 | D:5      | Killed a hound
   928 | D:5      | Reached skill level 4 in Stealth
   928 | D:5      | Reached XP level 2. HP: 13/13 MP: 2/7
   928 | D:5      | Reached XP level 3. HP: 16/16 MP: 2/8
   933 | D:5      | Killed from afar by an orc wizard

Levels and vault maps discovered:
D:1:      roderic_crop_circles_arrival_small, layout_basic
D:2:      layout_loops_ring, okawaru_gym_becter
D:3:      layout_rooms, lemuel_round_altar, lemuel_doored_altar
D:4:      layout_loops_ring, nicolae_dithmenos_the_darkroom,
          nicolae_overflow_crystal_walls, kennysheep_mini,
          kiku_gazebo_pond_becter, minmay_temple_entry_nine_rooms, first_ration,
          chequers_jeans, bloody_trog, uniq_grinder
D:5:      lemuel_ice_spiral_2, layout_rooms, overflow_temple_1_default

Skill      XL: |  1 |
---------------+----+-----
Stealth        | 4 |  4.1
Spellcasting   | 3 |  3.4
Dodging        | |  3.9
Ice Magic      | |  3.2

Action                   || total
-------------------------++-------
Melee: Dagger            ||     4
       Unarmed           ||     1
 Cast: Freeze            ||     3
 Stab: Sleeping          ||     1
Armor: Robe              ||     1
Dodge: Dodged            ||    17

Table legend:
 A = Non-vault XP
 B = Vault XP
 C = Vault XP percentage of total XP
 D = Non-vault monster count
 E = Vault monster count
 F = Vault count percentage of total count
                 A         B        C        D         E       F
            +---------+---------+-------+---------+---------+-------
      Total |      47 |       0 |   0.0 |       3 |       0 |   0.0
            +---------+---------+-------+---------+---------+-------
        D:1 |       2 |       0 |   0.0 |       1 |       0 |   0.0
        D:5 |      45 |       0 |   0.0 |       2 |       0 |   0.0
            +---------+---------+-------+---------+---------+-------
